 Dungeon Crawl Stone Soup version 0.31-a0-1300-gb6740aa4e6 (webtiles) character file.

Game seed: 15663050282400437807

62 bmb222 the Trooper (level 3, -1/29 HPs)
             Began as a Demonspawn Fighter on Dec 19, 2023.
             Slain by an ufetubus (2 damage)
             ... on level 5 of the Dungeon.
             The game lasted 00:01:23 (2095 turns).

bmb222 the Trooper (Demonspawn Fighter)             Turns: 2095, Time: 00:01:24

Health: -1/29      AC: 11    Str: 18    XL:     3   Next: 85%
Magic:  12/12      EV:  7    Int:  8    God:
Gold:   103        SH:  4    Dex: 12    Spells: 2/2 levels left

rFire   . . .        a - +0 flail
rCold   . . .        c - +0 buckler
rNeg    . . .        n - +0 chain mail
rPois   .            (no helmet)
rElec   .            (no cloak)
rCorr   .            (no gloves)
SInv    .            (no boots)
Will    .....        (no amulet) Stlth
                     j - ring of magical power
HPRegen 0.24/turn    (no ring)
MPRegen 0.13/turn

%: no passive effects
@: no status effects
A: hooves 1, slimy green scales 1
a: no special abilities


You were on level 5 of the Dungeon.
You visited 1 branch of the dungeon, and saw 4 of its levels.

You collected 103 gold pieces.

Inventory:

Hand Weapons
 a - a +0 flail (weapon)
Armour
 b - a +0 scale mail
 c - a +0 buckler (worn)
 n - a +0 chain mail (worn)
Jewellery
 j - a ring of magical power (left hand)
Scrolls
 f - a scroll of immolation {unknown}
 i - a scroll of noise {unknown}
 m - 2 scrolls of identify {unknown}
Potions
 d - 2 potions of might
 e - a potion of mutation {unknown}
 g - a potion of haste {unknown}
 h - a potion of enlightenment {unknown}
 l - a potion of attraction {unknown}
 o - a potion of curing {unknown}


   Skills:
 + Level 3.5 Fighting
 * Level 2.5 Maces & Flails
 + Level 3.2 Armour
 - Level 3.1 Shields


You had 2 spell levels left.
You didn't know any spells.
Your spell library contained the following spells:

 Spells                   Type           Power      Damage    Failure   Level
 Summon Small Mammal      Summ           0%         N/A       99%         1
 Call Canine Familiar     Summ           0%         N/A       100%        3
 Summon Guardian Golem    Hex/Summ       0%         N/A       100%        3


Dungeon Overview and Level Annotations

Branches:
Dungeon (3/15)

Altars:
Trog


Innate Abilities, Weirdness & Mutations

You have large cloven feet.
You are partially covered in slimy green scales. (AC +2)


Message History

You block the ufetubus's attack.
The ufetubus hits you but does no damage. x2
The ufetubus barely misses you.
There are monsters nearby!
You barely miss the ufetubus. Your kick misses the ufetubus.
The ufetubus is heavily wounded.
The ufetubus hits you but does no damage.
The ufetubus hits you. You block the ufetubus's attack.
The ufetubus hits you but does no damage.
The ufetubus hits you.
* * * LOW HITPOINT WARNING * * *
The ufetubus hits you.
* * * LOW HITPOINT WARNING * * *
The ufetubus hits you but does no damage. x2
You barely miss the ufetubus. Your kick misses the ufetubus.
The ufetubus is heavily wounded.
The ufetubus barely misses you.
The ufetubus hits you but does no damage.
The ufetubus hits you.
* * * LOW HITPOINT WARNING * * *
The ufetubus hits you but does no damage. x4
The ufetubus hits you.
* * * LOW HITPOINT WARNING * * *
You closely miss the ufetubus.
You kick the ufetubus, but do no damage.
The ufetubus is heavily wounded.
The ufetubus hits you.
* * * LOW HITPOINT WARNING * * *
The ufetubus barely misses you. The ufetubus hits you.
* * * LOW HITPOINT WARNING * * *
The ufetubus barely misses you. The ufetubus hits you.
* * * LOW HITPOINT WARNING * * *
The ufetubus barely misses you.
The ufetubus hits you but does no damage.
The ufetubus barely misses you.
It was a potion of magic.
Magic courses through your body.
The ufetubus hits you but does no damage.
The ufetubus barely misses you. You block the ufetubus's attack.
The ufetubus hits you.
You die...

#.# #.# #.#
#.# #.# #.#
#.#
####.######.#
#.@5........#
#5###########
#. #. ##


You could see 2 ufetubi.

Vanquished Creatures
  An adder (D:3)
  3 worms
  A dart slug (D:1)
  2 ball pythons
  2 endoplasms
  5 giant cockroaches
  5 hobgoblins
  2 kobolds (D:2)
  3 quokkas
  3 bats
  5 frilled lizards
  5 goblins
  2 rats
39 creatures vanquished.

Notes
Turn   | Place    | Note
-------+----------+-------------------------------------------
     0 | D:1      | bmb222 the Demonspawn Fighter began the quest for the Orb.
     0 | D:1      | Reached XP level 1. HP: 18/18 MP: 1/1
    79 | D:1      | Gained mutation: You have large cloven feet. [demonic
                  | ancestry]
    79 | D:1      | Reached XP level 2. HP: 24/24 MP: 2/2
   463 | D:1      | Found a faded altar of an unknown god.
   932 | D:2      | Gained mutation: You are partially covered in slimy green
                  | scales. (AC +2) [demonic ancestry]
   932 | D:2      | Reached XP level 3. HP: 29/29 MP: 3/3
  1702 | D:3      | Found a bloodstained altar of Trog.
  1939 | D:3      | Identified the +9 long sword of Temperance {venom, Str+2
                  | Dex+4}
  2011 | D:3      | You fall into a shaft and drop 2 floors!
  2011 | D:5      | Entered Level 5 of the Dungeon
  2094 | D:5      | HP: 1/29 [ufetubus (2)]
  2095 | D:5      | Slain by an ufetubus

Illustrated notes

Levels and vault maps discovered:
D:1:      minmay_arrival_jagged, layout_loops_ring,
          ebering_ecumenical_altar_abandoned, minmay_misc_feat_rugged,
          hangedman_decor_points
D:2:      minmay_angry_zag, layout_basic
D:3:      layout_loops_corners, trog_book
D:5:      layout_basic, lemuel_round_altar, mainiacjoe_overflow_boulevard

Skill      XL: |  1  2 |
---------------+-------+-----
Maces & Flails | 2 |  2.5
Armour         | 3 |  3.2
Shields        | 3 |  3.1
Fighting       | |  3.5

Action                     || total
---------------------------++-------
  Melee: Flail             ||   101
         Kick              ||    11
    Use: Potion            ||     1
 Armour: Scale mail        ||    37
         Chain mail        ||    42
  Dodge: Dodged            ||    55
  Block: Buckler           ||    23

Table legend: (Time is in decaauts)
 A = Elapsed time spent in this place.
 B = Non-inter-level travel time spent in this place.
 C = Inter-level travel time spent in this place.
 D = Time resting spent in this place.
 E = Time spent auto-exploring this place.
 F = Levels seen in this place.
 G = Mean time per level.
                   A        B        C        D        E       F      G
               +--------+--------+--------+--------+--------+-----+--------+
         Total |   2126 |   2001 |    125 |      0 |   1715 |   4 |  531.5 |
       Dungeon |   2126 |   2001 |    125 |      0 |   1715 |   4 |  531.5 |
               +--------+--------+--------+--------+--------+-----+--------+

Top non-repeatable levels by time:
     D:2: 899 daAuts
     D:1: 816 daAuts
     D:3: 324 daAuts
     D:5: 86 daAuts
